 Dungeon Crawl Stone Soup version 0.30.0-20-g3615ddf2f0 (webtiles) character file.

Game seed: 13214625577397127001

95055 qw the Severer (level 16, -1/104 HPs)
             Began as a Gargoyle Fighter on June 2, 2023.
             Was a High Priest of Okawaru.
             Killed from afar by an ice dragon (48 damage)
             ... with a blast of cold
             ... on level 15 of the Dungeon.
             The game lasted 00:12:21 (21840 turns).

qw the Severer (Gargoyle Fighter)                  Turns: 21840, Time: 00:12:22

Health: -1/104     AC: 38    Str: 33    XL:     16   Next: 13%
Magic:  22/23      EV: 18    Int: 10    God:    Okawaru [*****.]
Gold:   1059       SH: 16    Dex: 10    Spells: 15/15 levels left

rFire   + + +        Y - +5 war axe (venom)
rCold   . . .        z - +2 kite shield {reflect}
rNeg    + . .        t - +6 scale mail of Dogmatism {Contam rPois rF+++ Dex-2}
rPois   inf          u - +0 helmet
rElec   +            r - +0 cloak
rCorr   +            s - +2 pair of gloves
SInv    .            x - +1 pair of boots {Stlth+}
Will    +....        C - amulet of faith
Stlth   ++           f - ring "Xytsi" {rCorr Str+6 Dex+3}
HPRegen 0.37/turn    l - +5 ring of evasion
MPRegen 0.18/turn

%: reflection, faith
@: heroic, flying
A: sickness immunity, AC +12, big wings, negative energy resistance 1,
electricity resistance, torment resistance 1, petrification resistance
a: Renounce Religion, Heroism, Finesse, Duel


You were on level 15 of the Dungeon.
You worshipped Okawaru.
Okawaru was extremely pleased with you.
You visited 3 branches of the dungeon, and saw 21 of its levels.
You visited the Abyss 1 time.
You also visited: Ossuary and Gauntlet.

You collected 1473 gold pieces.
You spent 414 gold pieces at shops.


Innate Abilities, Weirdness & Mutations

You are immune to sickness and miasma.
Your stone body is resilient. (AC +12)
You are immune to poison.
Your large and strong wings let you fly.
You resist negative energy. (rN+)
You are resistant to electric shocks. (rElec)
You are resistant to unholy torment.
You are immune to petrification.


   Skills:
 + Level 13.2(18.2) Fighting
 - Level 16.0(21.0) Axes
 - Level 6.7(11.7) Throwing
 - Level 10.7(15.7) Armour
 - Level 4.0(9.0) Dodging
 - Level 13.5(18.5) Shields
 - Level 10.0 Invocations


You had 15 spell levels left.
You didn't know any spells.
Your spell library was empty.

Inventory:

Hand Weapons
 g - a +2 hand axe of flaming
 Y - a +5 war axe of venom (weapon)
Missiles
 y - 7 boomerangs
 A - 4 javelins (quivered)
Armour
 h - a +0 plate armour
 p - the +1 kite shield of the Midnight Sun {rCorr}
   (You acquired it on level 9 of the Dungeon)

   rCorr:     It protects you from acid and corrosion.
 r - a +0 cloak (worn)
 s - a +2 pair of gloves (worn)
 t - the +6 scale mail of Dogmatism (worn) {Contam rPois rF+++ Dex-2}
   (You found it on level 5 of the Lair of Beasts)

   Dex:       It affects your dexterity (-2).
   rF:        It renders you almost immune to fire.
   rPois:     It protects you from poison.
   Contam:    It causes magical contamination when unequipped.
 u - a +0 helmet (worn)
 x - a +1 pair of boots of stealth (worn)
 z - a +2 kite shield of reflection (worn)
Jewellery
 c - a ring of protection from fire
 f - the ring "Xytsi" (left hand) {rCorr Str+6 Dex+3}
   (You acquired it in an ossuary)

   [ring of strength]

   Str:       It affects your strength (+6).
   Dex:       It affects your dexterity (+3).
   rCorr:     It protects you from acid and corrosion.
 i - an amulet of the acrobat
 l - a +5 ring of evasion (right hand)
 v - a ring of resist corrosion
 B - a ring of fire
 C - an amulet of faith (around neck)
Wands
 D - a wand of digging (3)
Scrolls
 b - 18 scrolls of identify
 n - 6 scrolls of teleportation
Potions
 a - 3 potions of attraction
 d - 6 potions of might
 e - 2 potions of cancellation
 j - 3 potions of lignification
 k - 5 potions of haste
 m - 5 potions of heal wounds
 o - 12 potions of curing
 q - 8 potions of mutation
 w - 2 potions of magic

Dungeon Overview and Level Annotations

Branches:
Dungeon (15/15)            Temple (1/1) D:5            Lair (5/5) D:10
 Shoals (0/4) Lair:3        Snake (0/4) Lair:2        Slime (0/5) Lair:4
    Orc (0/2) D:11         Vaults (0/5) D:14        Ossuary (visited)
Gauntlet (visited)
 Depths: D:15

Altars:
Ashenzari
Cheibriados
Dithmenos
Elyvilon
Fedhas
Gozag
Hepliaklqana
Kikubaaqudgha
Makhleb
Nemelex Xobeh
Okawaru
Qazlal
Ru
Sif Muna
Trog
Uskayaw
Vehumet
Wu Jian
Xom
Yredelemnul
Zin
The Shining One

Shops:
D:9 =   D:10 !

Annotations:
D:7 1 runed translucent door, Crazy Yiuf
D:12 1 runed translucent door


Message History

The ice dragon roars deafeningly!
Enter note:
Enter note:
Enter note:
Enter note:
Enter note:
Enter note:
21830 ||| Stepping ~*~*~tactically~*~*~ (hiding).
You start waiting.
An ice dragon is nearby!
21834 ||| INVOKING Heroism.
You gain the combat prowess of a mighty hero.
You hit the ice dragon.
The ice dragon is lightly wounded.
An ice dragon comes into view.
The ice dragon breathes frost at you. The blast of cold hits you!!!
You slash the ice dragon!
The ice dragon is lightly wounded.
You slice the ice dragon!!
The ice dragon is moderately wounded.
You block the ice dragon's attack. x2
The ice dragon tramples you but does no damage.
You hit the ice dragon but do no damage.
The ice dragon is poisoned.
The ice dragon is moderately wounded.
The ice dragon breathes frost at you.
The blast of cold misses the ice dragon.
The blast of cold hits you! You block the ice dragon's attack. x3
You hit the ice dragon but do no damage.
The ice dragon looks as sick as possible!
The ice dragon is moderately wounded.
The ice dragon bites you! You block the ice dragon's attack.
The ice dragon tramples you but does no damage.
You hit the ice dragon but do no damage.
The ice dragon is heavily wounded.
You slash the ice dragon! The ice dragon breathes frost at you.
The blast of cold hits you!!!
You die...

.......###.###.#
...............#
.$#
...............#
.$#
######.....(...#
D$# .#
#.........# #..
.# #.........#
.. .# ^.......##
.# .#
.........##.# ##
.........@D.#
.........8D.#
###.###....## #.
##..## # #.##
###


You could see 2 ice dragons.

Vanquished Creatures
  A bone dragon (Abyss:2)
  2 tentacled starspawn (Abyss:2)
  A minotaur (Gauntlet)
  Azrael (D:12)
  A dire elephant (Lair:5)
  A great orb of eyes (D:14)
  A rakshasa (D:13)
  2 vault guards (D:14)
  6 hydras
  5 catoblepae
  2 centaur warriors
  5 boulder beetles
  5 two-headed ogres
  11 death yaks
  A deep troll shaman (Lair:5)
  2 tengu warriors
  A sixfirhy (Abyss:2)
  A shadow wraith (Abyss:2)
  6 skysharks
  A wretched star (Abyss:2)
  Lodul (D:12)
  A deep elf pyromancer (D:14)
  A wizard (D:14)
  4 cyclopes
  29 ugly things
  A manticore (D:13)
  A worldbinder (Abyss:2)
  5 black mambas
  17 elephants
  A demonic crawler (Lair:5)
  An apocalypse crab (Abyss:2)
  A smoke demon (Abyss:2)
  A merfolk siren (Lair:3)
  An orange demon (Abyss:2)
  12 cane toads
  3 gargoyles
  3 torpor snails
  3 large abominations (Abyss:2)
  3 unseen horrors (D:11)
  A rime drake (Lair:5)
  2 kobold demonologists (D:11)
  An efreet (D:14)
  3 tengu conjurers
  An ancient zyme (Abyss:2)
  9 komodo dragons
  7 trolls
  3 polar bears
  A queen bee (Gauntlet)
  A harpy skeleton (Abyss:2)
  A tyrant leech (Lair:5)
  Prince Ribbit (D:7)
  4 blink frogs (Lair:1)
  7 raiju (Abyss:2)
  A dream sheep (Lair:4)
  2 slime creatures (D:12)
  6 wyverns
  3 vampires
  27 yaks
  A ynoxinul (Abyss:2)
  2 hogs (shapeshifter)
  3 wraiths
  Eustachio (D:4)
  2 fire elementals (D:12)
  7 basilisks
  3 wargs (D:10)
  A steam dragon (D:9)
  A neqoxec (Abyss:2)
  10 vampire mosquitoes
  2 swamp worms (Lair:5)
  4 hell hounds (D:12)
  11 water moccasins
  An acid dragon (D:11)
  3 sky beasts
  4 orc warriors
  3 black bears
  3 boggarts (D:15)
  6 ogres (D:12)
  4 centaurs
  12 wolves
  27 kobold brigands
  5 elf zombies (Ossuary)
  A scorpion (D:7)
  10 bullfrogs
  2 gnoll sergeants (D:9)
  7 wights (D:8)
  4 killer bees (Gauntlet)
  5 electric eels
  2 howler monkeys
  A lava snake (Lair:3)
  3 centaur zombies (Ossuary)
  4 hounds
  4 human zombies (Ossuary)
  2 jellies
  A gnoll bouda (D:6)
  2 sleepcaps
  9 orc priests
  8 starcursed masses
  Jessica (D:3)
  4 iguanas
  8 orc wizards
  A small abomination (Abyss:2)
  A human simulacrum (D:9)
  3 mummies (Ossuary)
  25 gnolls
  6 adders
  A shadow imp (Abyss:2)
  A white imp (D:7)
  An ufetubus (Abyss:2)
  3 worms
  2 dart slugs
  49 orcs
  5 bats
  7 endoplasms
  3 giant cockroaches
  6 goblins
  6 hobgoblins
  3 jackals (D:1)
  5 quokkas
  7 ball pythons
  5 frilled lizards
  24 kobolds
  6 rats
  A lurking horror (Abyss:2)
  2 starspawn tentacles (Abyss:2)
593 creatures vanquished.

Vanquished Creatures (others)
  A human simulacrum (D:9)
  3 starspawn tentacles (Abyss:2)
4 creatures vanquished.

Grand Total: 597 creatures vanquished

Notes
Turn   | Place    | Note
-------+----------+-------------------------------------------
     0 | D:1      | qw the Gargoyle Fighter began the quest for the Orb.
     0 | D:1      | Reached XP level 1. HP: 14/14 MP: 1/1
     0 | D:1      | 0 ||| qw: Version: 0.2-a-102-gdf20003
     0 | D:1      | 0 ||| qw: Game counter: 777
     0 | D:1      | 0 ||| qw: Always use a shield: true
     0 | D:1      | 0 ||| qw: God list: Okawaru
     0 | D:1      | 0 ||| qw: Allow faded altars: false
     0 | D:1      | 0 ||| qw: Do Orc after D:15 true
     0 | D:1      | 0 ||| qw: Do second Lair branch before Depths: true
     0 | D:1      | 0 ||| qw: Lair rune preference: random
     0 | D:1      | 0 ||| qw: Plans: Normal, Zot:1-4, Slime:5, God:TSO, Crypt,
                  | Tomb, Pan, Hells, Abyss, Win
     0 | D:1      | 0 ||| PLANNING D:1-11
    39 | D:1      | Found a faded altar of an unknown god.
    64 | D:1      | 64 ||| Stepping ~*~*~tactically~*~*~ (stealth).
    68 | D:1      | 68 ||| Stepping ~*~*~tactically~*~*~ (hiding).
    69 | D:1      | 69 ||| Stepping ~*~*~tactically~*~*~ (hiding).
    71 | D:1      | 71 ||| Stepping ~*~*~tactically~*~*~ (hiding).
    74 | D:1      | Reached skill level 2 in Axes
    97 | D:1      | Reached XP level 2. HP: 11/19 MP: 2/2
    99 | D:1      | 99 ||| FLEEEEING.
   100 | D:1      | 100 ||| FLEEEEING.
   101 | D:1      | 101 ||| FLEEEEING.
   109 | D:1      | 109 ||| FLEEEEING.
   110 | D:1      | 110 ||| FLEEEEING.
   111 | D:1      | 111 ||| FLEEEEING.
   112 | D:1      | 112 ||| FLEEEEING.
   113 | D:1      | 113 ||| FLEEEEING.
   114 | D:1      | 114 ||| FLEEEEING.
   115 | D:1      | 115 ||| FLEEEEING.
   116 | D:1      | 116 ||| FLEEEEING.
   117 | D:1      | 117 ||| FLEEEEING.
   118 | D:1      | 118 ||| FLEEEEING.
   122 | D:1      | 122 ||| FLEEEEING.
   123 | D:1      | 123 ||| FLEEEEING.
   190 | D:1      | 190 ||| Stepping ~*~*~tactically~*~*~ (stealth).
   236 | D:1      | 236 ||| Stepping ~*~*~tactically~*~*~ (stealth).
   239 | D:1      | 239 ||| Stepping ~*~*~tactically~*~*~ (stealth).
   288 | D:1      | Reached skill level 3 in Axes
   375 | D:1      | Reached XP level 3. HP: 23/23 MP: 3/3
   640 | D:1      | 640 ||| UPGRADING to +6 ring of dexterity.
   641 | D:1      | 641 ||| DROPPING ring of magical power.
   642 | D:1      | 642 ||| READING scroll labelled ROANET BUURCH.
   757 | D:2      | 757 ||| Stepping ~*~*~tactically~*~*~ (stealth).
   996 | D:2      | Reached skill level 1 in Dodging
   996 | D:2      | Reached XP level 4. HP: 27/28 MP: 4/4
  1015 | D:2      | 1015 ||| DROPPING +0 whip.
  1018 | D:2      | 1018 ||| DROPPING +0 flail.
  1072 | D:2      | Reached XP level 5. HP: 32/32 MP: 5/5
  1266 | D:2      | Reached skill level 4 in Axes
  1405 | D:2      | 1405 ||| UPGRADING to +0 chain mail.
  1415 | D:2      | 1415 ||| DROPPING +0 scale mail.
  1416 | D:2      | 1416 ||| UPGRADING to amulet of the acrobat.
  1421 | D:2      | 1421 ||| READING scroll labelled JUADGH ZUGRODEB.
  1422 | D:2      | 1422 ||| DRINKING 2 ruby potions.
  1567 | D:3      | 1567 ||| Stepping ~*~*~tactically~*~*~ (hiding).
  1576 | D:3      | HP: 7/32 [gnoll/+0 spear (3)]
  1577 | D:3      | 1577 ||| DRINKING potion of heal wounds.
  1697 | D:3      | 1697 ||| Stepping ~*~*~tactically~*~*~ (stealth).
  1852 | D:3      | Noticed Jessica
  1855 | D:3      | 1855 ||| Stepping ~*~*~tactically~*~*~ (hiding).
  1856 | D:3      | 1856 ||| Stepping ~*~*~tactically~*~*~ (stealth).
  1859 | D:3      | Killed Jessica
  1906 | D:3      | Reached skill level 5 in Axes
  1906 | D:3      | Reached XP level 6. HP: 35/37 MP: 6/6
  2322 | D:3      | 2322 ||| UPGRADING to +5 ring of evasion.
  2323 | D:3      | 2323 ||| READING scroll labelled UGYCEC WOUT.
  2324 | D:3      | 2324 ||| READING scroll labelled DUL YZESIQUM.
  2325 | D:3      | 2325 ||| DRINKING 2 white potions.
  2326 | D:3      | 2326 ||| DROPPING potion of flight.
  2492 | D:4      | 2492 ||| Stepping ~*~*~tactically~*~*~ (stealth).
  2494 | D:4      | 2494 ||| Stepping ~*~*~tactically~*~*~ (stealth).
  2561 | D:4      | Noticed a sky beast
  2573 | D:4      | Killed a sky beast
  2711 | D:4      | 2711 ||| Stepping ~*~*~tactically~*~*~ (stealth).
  2730 | D:4      | Found Zin's Purification Station.
  2734 | D:4      | Found a glowing silver altar of Zin.
  2743 | D:4      | 2743 ||| BUYING potion of curing (90 gold).
  2743 | D:4      | Bought a potion of curing for 90 gold pieces
  2774 | D:4      | Noticed Eustachio
  2828 | D:4      | 2828 ||| Stepping ~*~*~tactically~*~*~ (stealth).
  2834 | D:4      | Killed Eustachio
  2835 | D:4      | Reached skill level 6 in Axes
  2835 | D:4      | Reached XP level 7. HP: 41/44 MP: 7/7
  2887 | D:4      | 2887 ||| Stepping ~*~*~tactically~*~*~ (stealth).
  2888 | D:4      | 2888 ||| Stepping ~*~*~tactically~*~*~ (stealth).
  2891 | D:4      | 2891 ||| Stepping ~*~*~tactically~*~*~ (stealth).
  2892 | D:4      | 2892 ||| Stepping ~*~*~tactically~*~*~ (stealth).
  2894 | D:4      | 2894 ||| Stepping ~*~*~tactically~*~*~ (hiding).
  2895 | D:4      | 2895 ||| Stepping ~*~*~tactically~*~*~ (hiding).
  3294 | D:4      | 3294 ||| UPGRADING to ring of see invisible.
  3296 | D:4      | 3296 ||| READING scroll labelled HILUAG KOTUO.
  3297 | D:4      | 3297 ||| READING 2 scrolls labelled EPRADE URREUCLO.
  3302 | D:4      | 3302 ||| READING 2 scrolls of identify.
  3302 | D:4      | 3302 ||| IDENTIFYING coppery potion
  3307 | D:5      | Entered Level 5 of the Dungeon
  3307 | D:5      | Noticed a wyvern
  3314 | D:5      | 3314 ||| STAIRDANCE
  3317 | D:4      | HP: 8/44 [wyvern (10)]
  3318 | D:4      | 3318 ||| READING scroll of teleportation.
  3319 | D:4      | 3319 ||| DRINKING 2 potions of heal wounds.
  3378 | D:5      | 3378 ||| STAIRDANCE
  3383 | D:4      | 3383 ||| Stepping ~*~*~tactically~*~*~ (stealth).
  3387 | D:4      | Killed a wyvern
  3388 | D:4      | Reached skill level 7 in Axes
  3436 | D:5      | Reached XP level 8. HP: 49/49 MP: 8/8
  3577 | D:5      | 3577 ||| Stepping ~*~*~tactically~*~*~ (stealth).
  3578 | D:5      | 3578 ||| Stepping ~*~*~tactically~*~*~ (stealth).
  3580 | D:5      | Found a staircase to the Ecumenical Temple.
  3581 | D:5      | 3581 ||| PLANNING TEMPLE
  3586 | D:5      | 3586 ||| UPGRADING to +0 plate armour.
  3631 | D:5      | 3631 ||| UPGRADING to +0 plate armour.
  3641 | D:5      | 3641 ||| DROPPING +0 chain mail.
  3642 | D:5      | 3642 ||| READING 2 scrolls of identify.
  3642 | D:5      | 3642 ||| IDENTIFYING lumpy purple potion
  3652 | Temple   | Entered the Ecumenical Temple
  3799 | Temple   | 3799 ||| PLANNING D:1-11
  3799 | Temple   | 3799 ||| READING 2 scrolls of identify.
  3799 | Temple   | 3799 ||| IDENTIFYING orange potion
  3904 | D:5      | 3904 ||| Stepping ~*~*~tactically~*~*~ (hiding).
  4022 | D:6      | 4022 ||| PLANNING OSSUARY
  4045 | D:6      | Reached skill level 8 in Axes
  4282 | D:6      | 4282 ||| READING 2 scrolls of identify.
  4282 | D:6      | 4282 ||| IDENTIFYING fuming ruby potion
  4285 | D:6      | 4285 ||| DROPPING potion of magic.
  4302 | D:6      | Found a broken altar of Ashenzari.
  4316 | D:6      | 4316 ||| READING scroll labelled XISHRI DUADUMPA.
  4370 | D:6      | Identified the +1 robe of the Cockatrice {Rampage Will+
                  | Str+2}
  4622 | D:6      | Reached skill level 6 in Fighting
  4728 | D:6      | Found a sand-covered staircase.
  4729 | D:6      | 4729 ||| UPGRADING to +0 cloak.
  4734 | D:6      | 4734 ||| DROPPING +6 ring of dexterity.
  4739 | Ossuary  | Entered an ossuary
  4795 | Ossuary  | Reached XP level 9. HP: 53/56 MP: 9/9
  4976 | Ossuary  | Reached skill level 9 in Axes
  5028 | Ossuary  | 5028 ||| READING scroll labelled JEITEG SIFFEMN.
  5028 | Ossuary  | Identified a scroll of acquirement
  5028 | Ossuary  | 5028 ||| ACQUIRING ring "Xytsi" {rCorr Str+6 Dex+3}
  5028 | Ossuary  | Acquired the ring "Xytsi" {rCorr Str+6 Dex+3}
  5030 | Ossuary  | 5030 ||| DROPPING +4 ring of protection.
  5031 | Ossuary  | 5031 ||| UPGRADING to ring "Xytsi" {rCorr Str+6 Dex+3}.
  5033 | Ossuary  | 5033 ||| DROPPING ring of see invisible.
  5034 | Ossuary  | 5034 ||| READING 2 scrolls labelled QYKERR COFIM.
  5035 | Ossuary  | 5035 ||| READING scroll labelled QAB SAEDAIH.
  5036 | Ossuary  | 5036 ||| READING 3 scrolls of identify.
  5036 | Ossuary  | 5036 ||| IDENTIFYING murky pink potion
  5037 | Ossuary  | 5037 ||| DROPPING scroll of fog.
  5047 | D:6      | 5047 ||| PLANNING D:1-11
  5204 | D:7      | 5204 ||| STAIRDANCE
  5263 | D:7      | 5263 ||| READING scroll of enchant weapon.
  5263 | D:7      | 5263 ||| ENCHANTING +1 war axe.
  5273 | D:7      | Noticed Prince Ribbit
  5294 | D:7      | Killed Prince Ribbit
  5697 | D:7      | Found a runed translucent door.
  5698 | D:7      | Noticed Crazy Yiuf
  5762 | D:7      | Found a snail-covered altar of Cheibriados.
  5773 | D:7      | Found a burning altar of Makhleb.
  5923 | D:7      | 5923 ||| READING scroll labelled YLUGOXIHON.
  6069 | D:8      | Reached skill level 10 in Axes
  6236 | D:8      | Reached skill level 6 in Armour
  6400 | D:8      | Noticed a two-headed ogre
  6407 | D:8      | Killed a two-headed ogre
  6408 | D:8      | Reached XP level 10. HP: 34/65 MP: 10/10
  6582 | D:8      | 6582 ||| Stepping ~*~*~tactically~*~*~ (hiding).
  6760 | D:8      | Found a hazy altar of Hepliaklqana.
  6764 | D:8      | Found a shadowy altar of Dithmenos.
  7011 | D:8      | 7011 ||| UPGRADING to +0 pair of gloves.
  7016 | D:8      | 7016 ||| READING scroll labelled ESOWKUA AGAE.
  7017 | D:8      | 7017 ||| READING 5 scrolls of identify.
  7017 | D:8      | 7017 ||| IDENTIFYING amethyst potion
  7064 | D:9      | 7064 ||| READING scroll of acquirement.
  7064 | D:9      | 7064 ||| ACQUIRING +1 kite shield of the Midnight Sun
                  | {rCorr}
  7064 | D:9      | Acquired the +1 kite shield of the Midnight Sun {rCorr}
  7066 | D:9      | 7066 ||| UPGRADING to +1 kite shield of the Midnight Sun
                  | {rCorr}.
  7076 | D:9      | 7076 ||| DROPPING +0 buckler.
  7114 | D:9      | 7114 ||| Stepping ~*~*~tactically~*~*~ (stealth).
  7121 | D:9      | Reached skill level 6 in Shields
  7262 | D:9      | Found an iron altar of Okawaru.
  7263 | D:9      | 7263 ||| PLANNING OKAWARU WORSHIP
  7312 | D:9      | Became a worshipper of Warmaster Okawaru
  7312 | D:9      | 7312 ||| PLANNING D:1-11
  7363 | D:9      | 7363 ||| Stepping ~*~*~tactically~*~*~ (hiding).
  7366 | D:9      | 7366 ||| Stepping ~*~*~tactically~*~*~ (hiding).
  7431 | D:9      | Found a blossoming altar of Fedhas.
  7492 | D:9      | 7492 ||| Stepping ~*~*~tactically~*~*~ (stealth).
  7512 | D:9      | 7512 ||| Stepping ~*~*~tactically~*~*~ (hiding).
  7513 | D:9      | 7513 ||| Stepping ~*~*~tactically~*~*~ (hiding).
  7514 | D:9      | 7514 ||| Stepping ~*~*~tactically~*~*~ (hiding).
  7515 | D:9      | 7515 ||| Stepping ~*~*~tactically~*~*~ (hiding).
  7683 | D:9      | 7683 ||| READING scroll of acquirement.
  7683 | D:9      | 7683 ||| ACQUIRING +1 war axe of Hatred {elec, +Blink}
  7683 | D:9      | Acquired the +1 war axe of Hatred {elec, +Blink}
  7748 | D:9      | 7748 ||| Stepping ~*~*~tactically~*~*~ (hiding).
  7793 | D:9      | Found Paggeh's Jewellery Emporium.
  7801 | D:9      | 7801 ||| SHOPLISTING amulet of regeneration (390 gold, have
                  | 386).
  7801 | D:9      | 7801 ||| Stepping ~*~*~tactically~*~*~ (hiding).
  7836 | D:9      | Reached * piety under Okawaru
  7837 | D:9      | 7837 ||| INVOKING Heroism.
  7951 | D:9      | 7951 ||| READING scroll of enchant weapon.
  7951 | D:9      | 7951 ||| ENCHANTING +2 war axe of venom.
  8134 | D:9      | 8134 ||| READING 2 scrolls labelled FUERHU GETETA.
  8135 | D:9      | 8135 ||| DROPPING scroll of fear.
  8151 | D:10     | Entered Level 10 of the Dungeon
  8193 | D:10     | Found a sparkling altar of Nemelex Xobeh.
  8197 | D:10     | 8197 ||| Stepping ~*~*~tactically~*~*~ (hiding).
  8198 | D:10     | 8198 ||| Stepping ~*~*~tactically~*~*~ (hiding).
  8216 | D:10     | 8216 ||| Stepping ~*~*~tactically~*~*~ (hiding).
  8217 | D:10     | 8217 ||| Stepping ~*~*~tactically~*~*~ (hiding).
  8218 | D:10     | 8218 ||| Stepping ~*~*~tactically~*~*~ (hiding).
  8236 | D:10     | Reached skill level 9 in Shields
  8236 | D:10     | Reached skill level 1 in Invocations
  8236 | D:10     | 8236 ||| Stepping ~*~*~tactically~*~*~ (hiding).
  8247 | D:10     | 8247 ||| INVOKING Heroism.
  8320 | D:10     | Found a staircase to the Lair.
  8432 | D:10     | Noticed a two-headed ogre
  8434 | D:10     | 8434 ||| INVOKING Heroism.
  8445 | D:10     | Killed a two-headed ogre
  8446 | D:10     | Reached skill level 3 in Invocations
  8446 | D:10     | Reached XP level 11. HP: 56/69 MP: 10/13
  8532 | D:10     | Found Zameed's Distillery.
  8540 | D:10     | 8540 ||| BUYING 2 potions of attraction (72 gold).
  8540 | D:10     | Bought 2 potions of attraction for 72 gold pieces
  8540 | D:10     | 8540 ||| BUYING potion of curing (36 gold).
  8540 | D:10     | Bought a potion of curing for 36 gold pieces
  8540 | D:10     | 8540 ||| BUYING potion of curing (36 gold).
  8540 | D:10     | Bought a potion of curing for 36 gold pieces
  8540 | D:10     | 8540 ||| BUYING potion of haste (120 gold).
  8540 | D:10     | Bought a potion of haste for 120 gold pieces
  8540 | D:10     | 8540 ||| BUYING potion of heal wounds (60 gold).
  8540 | D:10     | Bought a potion of heal wounds for 60 gold pieces
  8540 | D:10     | 8540 ||| SHOPLISTING potion of mutation (96 gold, have 87).
  8609 | D:10     | 8609 ||| INVOKING Heroism.
  8881 | D:10     | 8881 ||| INVOKING Heroism.
  9066 | D:10     | 9066 ||| INVOKING Heroism.
  9259 | D:10     | 9259 ||| PLANNING LAIR
  9259 | D:10     | 9259 ||| READING 6 scrolls of identify.
  9259 | D:10     | 9259 ||| IDENTIFYING smoky purple potion
  9260 | D:10     | 9260 ||| DROPPING potion of brilliance.
  9326 | Lair:1   | Entered Level 1 of the Lair of Beasts
  9333 | Lair:1   | 9333 ||| READING scroll of enchant weapon.
  9333 | Lair:1   | 9333 ||| ENCHANTING +3 war axe of venom.
  9334 | Lair:1   | 9334 ||| DROPPING +1 war axe of Hatred {elec, +Blink}.
  9410 | Lair:1   | 9410 ||| INVOKING Heroism.
  9425 | Lair:1   | Reached skill level 11 in Axes
  9429 | Lair:1   | Reached ** piety under Okawaru
  9505 | Lair:1   | 9505 ||| INVOKING Heroism.
  9734 | Lair:1   | Reached skill level 1 in Throwing
  9734 | Lair:1   | Reached *** piety under Okawaru
  9737 | Lair:1   | Reached skill level 3 in Throwing
  9740 | Lair:1   | Reached skill level 9 in Fighting
  9775 | Lair:1   | 9775 ||| INVOKING Heroism.
  9798 | Lair:1   | 9798 ||| INVOKING Heroism.
 10266 | Lair:1   | 10266 ||| DROPPING ring of willpower.
 10278 | Lair:2   | 10278 ||| PLANNING GAUNTLET
 10278 | Lair:2   | 10278 ||| INVOKING Heroism.
 10293 | Lair:2   | 10293 ||| INVOKING Heroism.
 10302 | Lair:2   | 10302 ||| Stepping ~*~*~tactically~*~*~ (stealth).
 10303 | Lair:2   | 10303 ||| Stepping ~*~*~tactically~*~*~ (stealth).
 10314 | Lair:2   | Reached XP level 12. HP: 43/76 MP: 15/15
 10526 | Lair:2   | Found a staircase to the Snake Pit.
 10562 | Lair:2   | Noticed a four-headed hydra
 10563 | Lair:2   | 10563 ||| Stepping ~*~*~tactically~*~*~ (stealth).
 10564 | Lair:2   | 10564 ||| Stepping ~*~*~tactically~*~*~ (stealth).
 10566 | Lair:2   | 10566 ||| INVOKING Heroism.
 10568 | Lair:2   | 10568 ||| SWAPPING to +2 hand axe of flaming.
 10573 | Lair:2   | Killed a one-headed hydra
 10574 | Lair:2   | 10574 ||| SWAPPING to +4 war axe of venom.
 10681 | Lair:2   | Found a gate leading to a gauntlet.
 10690 | Gauntlet | Entered a Gauntlet
 10690 | Gauntlet | Noticed a wretched star
 10690 | Gauntlet | Found a transporter.
 10690 | Gauntlet | Found a transporter.
 10690 | Gauntlet | Found a transporter.
 10691 | Gauntlet | Found a transporter.
 10694 | Gauntlet | Found a transporter.
 10702 | Gauntlet | Noticed a tengu warrior
 10704 | Gauntlet | Found a transporter.
 10719 | Gauntlet | Found a transporter.
 10726 | Gauntlet | Found a transporter.
 10743 | Gauntlet | Found a transporter.
 10747 | Gauntlet | Found a large runed translucent door.
 10748 | Gauntlet | Found a large runed translucent door.
 10748 | Gauntlet | Noticed a catoblepas
 10749 | Gauntlet | Found a large runed translucent door.
 10749 | Gauntlet | Found a large runed translucent door.
 10750 | Gauntlet | Found a runed translucent gate.
 10751 | Gauntlet | Found a transporter.
 10751 | Gauntlet | Found a runed translucent gate.
 10752 | Gauntlet | Found a runed translucent gate.
 10753 | Gauntlet | Found a large runed translucent door.
 10753 | Gauntlet | Found a large runed translucent door.
 10754 | Gauntlet | Found a large runed translucent door.
 10755 | Gauntlet | Found a large runed translucent door.
 10765 | Gauntlet | Found a large runed translucent door.
 10765 | Gauntlet | Found a large runed translucent door.
 10765 | Gauntlet | Found a runed translucent door.
 10765 | Gauntlet | Found a runed translucent door.
 10766 | Gauntlet | Found a large runed translucent door.
 10767 | Gauntlet | Found a large runed translucent door.
 10769 | Gauntlet | Found a transporter.
 10826 | Gauntlet | Found a transporter.
 10860 | Gauntlet | Found a large runed translucent door.
 10861 | Gauntlet | Found a large runed translucent door.
 10862 | Gauntlet | Found a large runed translucent door.
 10862 | Gauntlet | Found a large runed translucent door.
 10891 | Gauntlet | 10891 ||| INVOKING Heroism.
 10901 | Gauntlet | Reached skill level 12 in Axes
 10935 | Gauntlet | Identified the +1 great sword of Painful Death {pain, Drain
                  | rC+ Str-4 Dex+7}
 10940 | Gauntlet | 10940 ||| READING scroll of enchant armour.
 10940 | Gauntlet | 10940 ||| ENCHANTING +0 pair of gloves.
 10958 | Gauntlet | 10958 ||| INVOKING Heroism.
 10965 | Gauntlet | Killed a catoblepas
 11049 | Gauntlet | 11049 ||| UPGRADING to +0 helmet.
 11061 | Gauntlet | 11061 ||| INVOKING Heroism.
 11097 | Gauntlet | 11097 ||| Stepping ~*~*~tactically~*~*~ (hiding).
 11099 | Gauntlet | 11099 ||| Stepping ~*~*~tactically~*~*~ (hiding).
 11104 | Gauntlet | 11104 ||| Stepping ~*~*~tactically~*~*~ (hiding).
 11105 | Gauntlet | 11105 ||| Stepping ~*~*~tactically~*~*~ (hiding).
 11111 | Gauntlet | Reached **** piety under Okawaru
 11116 | Gauntlet | Killed a tengu warrior
 11170 | Gauntlet | 11170 ||| UPGRADING to +1 pair of boots of stealth.
 11175 | Gauntlet | 11175 ||| Stepping randomly (stuck).
 11176 | Gauntlet | 11176 ||| Stepping randomly (stuck).
 11177 | Gauntlet | 11177 ||| Stepping randomly (stuck).
 11178 | Gauntlet | 11178 ||| Stepping randomly (stuck).
 11179 | Gauntlet | 11179 ||| Stepping randomly (stuck).
 11204 | Gauntlet | Noticed a minotaur
 11205 | Gauntlet | 11205 ||| Stepping ~*~*~tactically~*~*~ (hiding).
 11208 | Gauntlet | 11208 ||| INVOKING Heroism.
 11221 | Gauntlet | Killed a minotaur
 11222 | Gauntlet | Reached skill level 9 in Armour
 11247 | Lair:2   | 11247 ||| PLANNING LAIR
 11395 | Lair:2   | Noticed a skyshark
 11405 | Lair:2   | Killed a skyshark
 11785 | Lair:3   | 11785 ||| INVOKING Heroism.
 11876 | Lair:3   | 11876 ||| Stepping ~*~*~tactically~*~*~ (water).
 11883 | Lair:3   | Reached skill level 6 in Invocations
 11979 | Lair:3   | 11979 ||| INVOKING Heroism.
 12013 | Lair:3   | 12013 ||| Stepping ~*~*~tactically~*~*~ (water).
 12048 | Lair:3   | Received a gift from Okawaru
 12166 | Lair:3   | Found a frozen archway.
 12263 | Lair:3   | Noticed a catoblepas
 12264 | Lair:3   | 12264 ||| INVOKING Heroism.
 12273 | Lair:3   | Killed a catoblepas
 12274 | Lair:3   | Reached XP level 13. HP: 59/82 MP: 16/18
 12367 | Lair:3   | 12367 ||| INVOKING Heroism.
 12491 | Lair:3   | 12491 ||| INVOKING Heroism.
 12644 | Lair:3   | Found a staircase to the Shoals.
 12688 | Lair:3   | 12688 ||| INVOKING Heroism.
 12959 | Lair:3   | 12959 ||| READING scroll labelled ZUOXZYETIYF.
 12960 | Lair:3   | 12960 ||| DRINKING 2 black potions.
 12964 | Lair:3   | 12964 ||| DROPPING potion of degeneration.
 13002 | Lair:4   | You fall into a shaft and drop 1 floor!
 13002 | Lair:5   | Entered Level 5 of the Lair of Beasts
 13012 | Lair:5   | 13012 ||| Stepping ~*~*~tactically~*~*~ (hiding).
 13070 | Lair:4   | 13070 ||| INVOKING Heroism.
 13113 | Lair:4   | 13113 ||| Stepping ~*~*~tactically~*~*~ (stealth).
 13124 | Lair:4   | Received a gift from Okawaru
 13131 | Lair:4   | 13131 ||| INVOKING Heroism.
 13141 | Lair:4   | Reached skill level 9 in Invocations
 13148 | Lair:4   | Received a gift from Okawaru
 13164 | Lair:4   | 13164 ||| SWAPPING to +2 hand axe of flaming.
 13169 | Lair:4   | HP: 15/82 [polar bear (11)]
 13170 | Lair:4   | 13170 ||| READING 7 scrolls of teleportation.
 13171 | Lair:4   | 13171 ||| DRINKING 6 potions of heal wounds.
 13172 | Lair:4   | 13172 ||| INVOKING Heroism.
 13177 | Lair:4   | 13177 ||| SWAPPING to +4 war axe of venom.
 13317 | Lair:4   | Found a staircase to the Slime Pits.
 13361 | Lair:4   | 13361 ||| INVOKING Heroism.
 13367 | Lair:4   | 13367 ||| SWAPPING to +2 hand axe of flaming.
 13370 | Lair:4   | 13370 ||| SWAPPING to +4 war axe of venom.
 13423 | Lair:4   | 13423 ||| INVOKING Heroism.
 13429 | Lair:4   | Reached skill level 13 in Axes
 13448 | Lair:4   | 13448 ||| SWAPPING to +2 hand axe of flaming.
 13455 | Lair:4   | 13455 ||| SWAPPING to +4 war axe of venom.
 13532 | Lair:4   | 13532 ||| INVOKING Heroism.
 13533 | Lair:4   | Received a gift from Okawaru
 13878 | Lair:4   | 13878 ||| Stepping ~*~*~tactically~*~*~ (stealth).
 13899 | Lair:4   | 13899 ||| FLEEEEING.
 13900 | Lair:4   | 13900 ||| FLEEEEING.
 13901 | Lair:4   | 13901 ||| FLEEEEING.
 13902 | Lair:4   | 13902 ||| FLEEEEING.
 13904 | Lair:4   | 13904 ||| INVOKING Heroism.
 13922 | Lair:4   | 13922 ||| READING scroll of enchant weapon.
 13922 | Lair:4   | 13922 ||| ENCHANTING +4 war axe of venom.
 14162 | Lair:5   | 14162 ||| INVOKING Heroism.
 14175 | Lair:5   | 14175 ||| SWAPPING to +2 hand axe of flaming.
 14180 | Lair:5   | 14180 ||| SWAPPING to +5 war axe of venom.
 14203 | Lair:5   | 14203 ||| INVOKING Heroism.
 14208 | Lair:5   | 14208 ||| SWAPPING to +2 hand axe of flaming.
 14213 | Lair:5   | Reached skill level 3 in Dodging
 14213 | Lair:5   | 14213 ||| SWAPPING to +5 war axe of venom.
 14234 | Lair:5   | 14234 ||| INVOKING Heroism.
 14247 | Lair:5   | 14247 ||| Stepping ~*~*~tactically~*~*~ (stealth).
 14250 | Lair:5   | 14250 ||| Stepping ~*~*~tactically~*~*~ (stealth).
 14251 | Lair:5   | 14251 ||| Stepping ~*~*~tactically~*~*~ (stealth).
 14256 | Lair:5   | Gained mutation: Your large and strong wings let you fly.
                  | [Gargoyle growth]
 14256 | Lair:5   | Reached XP level 14. HP: 77/88 MP: 21/21
 14306 | Lair:5   | Identified the +6 scale mail of Dogmatism {Contam rPois
                  | rF+++ Dex-2}
 14335 | Lair:5   | 14335 ||| Stepping ~*~*~tactically~*~*~ (stealth).
 14375 | Lair:5   | Reached ***** piety under Okawaru
 14377 | Lair:5   | 14377 ||| Stepping ~*~*~tactically~*~*~ (stealth).
 14393 | Lair:5   | Received a gift from Okawaru
 14568 | Lair:5   | 14568 ||| INVOKING Heroism.
 14668 | Lair:5   | 14668 ||| Stepping ~*~*~tactically~*~*~ (stealth).
 14670 | Lair:5   | 14670 ||| Stepping ~*~*~tactically~*~*~ (stealth).
 14716 | Lair:5   | 14716 ||| Stepping ~*~*~tactically~*~*~ (stealth).
 14754 | Lair:5   | 14754 ||| Stepping ~*~*~tactically~*~*~ (hiding).
 14872 | Lair:5   | 14872 ||| INVOKING Heroism.
 14874 | Lair:5   | 14874 ||| Stepping ~*~*~tactically~*~*~ (stealth).
 14886 | Lair:5   | Reached skill level 14 in Axes
 14892 | Lair:5   | 14892 ||| INVOKING Finesse.
 14904 | Lair:5   | 14904 ||| INVOKING Heroism.
 14915 | Lair:5   | Received a gift from Okawaru
 15139 | Lair:5   | 15139 ||| Stepping ~*~*~tactically~*~*~ (stealth).
 15145 | Lair:5   | 15145 ||| INVOKING Heroism.
 15174 | Lair:5   | 15174 ||| Stepping ~*~*~tactically~*~*~ (hiding).
 15535 | Lair:5   | 15535 ||| Stepping ~*~*~tactically~*~*~ (stealth).
 15536 | Lair:5   | 15536 ||| INVOKING Heroism.
 15560 | Lair:5   | Reached skill level 12 in Shields
 15560 | Lair:5   | 15560 ||| INVOKING Finesse.
 15600 | Lair:5   | 15600 ||| Stepping ~*~*~tactically~*~*~ (stealth).
 15601 | Lair:5   | 15601 ||| INVOKING Heroism.
 15618 | Lair:5   | Noticed a dire elephant
 15619 | Lair:5   | 15619 ||| Stepping ~*~*~tactically~*~*~ (stealth).
 15622 | Lair:5   | 15622 ||| Stepping ~*~*~tactically~*~*~ (stealth).
 15631 | Lair:5   | Found the +2 hood of the Assassin {Detect Stab+ Stlth++}
 15633 | Lair:5   | 15633 ||| INVOKING Heroism.
 15641 | Lair:5   | Killed a dire elephant
 15743 | Lair:5   | 15743 ||| PLANNING D:1-11
 15743 | Lair:5   | 15743 ||| UPGRADING to +6 scale mail of Dogmatism {Contam
                  | rPois rF+++ Dex-2}.
 15753 | Lair:5   | 15753 ||| READING scroll labelled VEKUS DASOUM.
 15854 | Lair:5   | 15854 ||| READING scroll labelled YDAVYDY VYILO.
 15855 | Lair:5   | 15855 ||| READING 15 scrolls of identify.
 15855 | Lair:5   | 15855 ||| IDENTIFYING inky potion
 15856 | Lair:5   | 15856 ||| READING 14 scrolls of identify.
 15856 | Lair:5   | 15856 ||| IDENTIFYING metallic green potion
 15857 | Lair:5   | 15857 ||| DROPPING potion of berserk rage.
 15858 | Lair:5   | 15858 ||| DROPPING potion of ambrosia.
 16097 | D:11     | 16097 ||| Stepping randomly (disturbance).
 16169 | D:11     | 16169 ||| INVOKING Heroism.
 16375 | D:11     | 16375 ||| Stepping ~*~*~tactically~*~*~ (hiding).
 16415 | D:11     | Received a gift from Okawaru
 16572 | D:11     | 16572 ||| UPGRADING to amulet of faith.
 16650 | D:11     | 16650 ||| Stepping ~*~*~tactically~*~*~ (stealth).
 16652 | D:11     | 16652 ||| Stepping ~*~*~tactically~*~*~ (stealth).
 16654 | D:11     | 16654 ||| Stepping ~*~*~tactically~*~*~ (stealth).
 16677 | D:11     | 16677 ||| Stepping ~*~*~tactically~*~*~ (stealth).
 16691 | D:11     | Found a staircase to the Orcish Mines.
 16721 | D:11     | 16721 ||| Stepping ~*~*~tactically~*~*~ (hiding).
 16974 | D:11     | 16974 ||| Stepping ~*~*~tactically~*~*~ (hiding).
 17194 | D:11     | 17194 ||| PLANNING D
 17194 | D:11     | 17194 ||| UPGRADING to amulet of faith.
 17238 | D:12     | 17238 ||| Stepping ~*~*~tactically~*~*~ (hiding).
 17264 | D:12     | Found a runed translucent door.
 17340 | D:12     | 17340 ||| Stepping ~*~*~tactically~*~*~ (stealth).
 17351 | D:12     | 17351 ||| INVOKING Heroism.
 17526 | D:12     | Reached skill level 6 in Throwing
 17611 | D:12     | Noticed Lodul
 17612 | D:12     | 17612 ||| Stepping ~*~*~tactically~*~*~ (stealth).
 17613 | D:12     | 17613 ||| Stepping ~*~*~tactically~*~*~ (stealth).
 17639 | D:12     | Killed Lodul
 17795 | D:12     | 17795 ||| Stepping ~*~*~tactically~*~*~ (hiding).
 17797 | D:12     | 17797 ||| Stepping ~*~*~tactically~*~*~ (stealth).
 17813 | D:12     | Noticed Azrael
 17814 | D:12     | 17814 ||| INVOKING Heroism.
 17815 | D:12     | 17815 ||| INVOKING Finesse.
 17830 | D:12     | Reached XP level 15. HP: 88/94 MP: 15/22
 17836 | D:12     | Received a gift from Okawaru
 17841 | D:12     | Killed Azrael
 17842 | D:12     | Reached skill level 15 in Axes
 17980 | D:12     | Identified the +1 leather armour of Pedoff {MP+9}
 19570 | D:14     | 19570 ||| Stepping ~*~*~tactically~*~*~ (stealth).
 19573 | D:14     | 19573 ||| Stepping ~*~*~tactically~*~*~ (stealth).
 19586 | D:14     | Reached skill level 12 in Fighting
 19591 | D:14     | Received a gift from Okawaru
 19788 | D:14     | 19788 ||| Stepping ~*~*~tactically~*~*~ (stealth).
 19789 | D:14     | 19789 ||| Stepping ~*~*~tactically~*~*~ (stealth).
 19791 | D:14     | 19791 ||| INVOKING Heroism.
 19793 | D:14     | 19793 ||| Stepping ~*~*~tactically~*~*~ (stealth).
 20066 | D:14     | 20066 ||| Stepping ~*~*~tactically~*~*~ (hiding).
 20067 | D:14     | 20067 ||| Stepping ~*~*~tactically~*~*~ (hiding).
 20071 | D:14     | 20071 ||| Stepping ~*~*~tactically~*~*~ (hiding).
 20080 | D:14     | 20080 ||| Stepping ~*~*~tactically~*~*~ (hiding).
 20089 | D:14     | Received a gift from Okawaru
 20094 | Abyss:2  | Cast into level 2 of the Abyss (a wizard)
 20133 | Abyss:2  | 20133 ||| Stepping ~*~*~tactically~*~*~ (stealth).
 20134 | Abyss:2  | 20134 ||| Stepping ~*~*~tactically~*~*~ (stealth).
 20209 | Abyss:2  | 20209 ||| Stepping ~*~*~tactically~*~*~ (stealth).
 20210 | Abyss:2  | 20210 ||| Stepping ~*~*~tactically~*~*~ (stealth).
 20211 | Abyss:2  | 20211 ||| Stepping ~*~*~tactically~*~*~ (stealth).
 20244 | Abyss:2  | Reached ****** piety under Okawaru
 20266 | Abyss:2  | 20266 ||| Stepping ~*~*~tactically~*~*~ (stealth).
 20325 | Abyss:2  | Noticed a tentacled starspawn
 20326 | Abyss:2  | 20326 ||| Stepping ~*~*~tactically~*~*~ (stealth).
 20333 | Abyss:2  | Killed a tentacled starspawn
 20333 | Abyss:2  | Received a gift from Okawaru
 20334 | Abyss:2  | Reached skill level 16 in Axes
 20348 | Abyss:2  | 20348 ||| INVOKING Heroism.
 20352 | Abyss:2  | Received a gift from Okawaru
 20366 | Abyss:2  | 20366 ||| INVOKING Heroism.
 20368 | Abyss:2  | 20368 ||| Stepping ~*~*~tactically~*~*~ (stealth).
 20370 | Abyss:2  | 20370 ||| Stepping ~*~*~tactically~*~*~ (stealth).
 20372 | Abyss:2  | 20372 ||| Stepping ~*~*~tactically~*~*~ (stealth).
 20374 | Abyss:2  | 20374 ||| Stepping ~*~*~tactically~*~*~ (stealth).
 20374 | Abyss:2  | Noticed a bone dragon
 20390 | Abyss:2  | Killed a bone dragon
 20395 | Abyss:2  | Gained mutation: Your magical capacity is low. (-10% MP) [a
                  | neqoxec]
 20398 | Abyss:2  | Gained mutation: You occasionally lose the ability to read
                  | scrolls when taking damage. [a neqoxec]
 20405 | Abyss:2  | 20405 ||| Stepping ~*~*~tactically~*~*~ (stealth).
 20406 | Abyss:2  | 20406 ||| Stepping ~*~*~tactically~*~*~ (stealth).
 20408 | Abyss:2  | 20408 ||| Stepping ~*~*~tactically~*~*~ (stealth).
 20410 | Abyss:2  | 20410 ||| Stepping ~*~*~tactically~*~*~ (stealth).
 20411 | Abyss:2  | 20411 ||| Stepping ~*~*~tactically~*~*~ (stealth).
 20421 | Abyss:2  | 20421 ||| Stepping ~*~*~tactically~*~*~ (stealth).
 20422 | Abyss:2  | 20422 ||| Stepping ~*~*~tactically~*~*~ (stealth).
 20424 | Abyss:2  | 20424 ||| INVOKING Heroism.
 20451 | Abyss:2  | 20451 ||| Stepping ~*~*~tactically~*~*~ (stealth).
 20457 | Abyss:2  | 20457 ||| Stepping ~*~*~tactically~*~*~ (stealth).
 20458 | Abyss:2  | 20458 ||| Stepping ~*~*~tactically~*~*~ (stealth).
 20476 | Abyss:2  | 20476 ||| Stepping ~*~*~tactically~*~*~ (stealth).
 20477 | Abyss:2  | 20477 ||| Stepping ~*~*~tactically~*~*~ (stealth).
 20478 | Abyss:2  | 20478 ||| Stepping ~*~*~tactically~*~*~ (stealth).
 20479 | Abyss:2  | 20479 ||| INVOKING Heroism.
 20495 | Abyss:2  | HP: 20/96 [starcursed mass/accursed screaming (9)]
 20495 | Abyss:2  | Paralysed by accursed screaming for 1 turns
 20497 | Abyss:2  | 20497 ||| READING 6 scrolls of teleportation.
 20498 | Abyss:2  | 20498 ||| DRINKING 7 potions of heal wounds.
 20499 | Abyss:2  | 20499 ||| DRINKING 6 potions of heal wounds.
 20499 | Abyss:2  | Noticed a tentacled starspawn
 20503 | Abyss:2  | HP: 20/96 [starcursed mass/accursed screaming (8)]
 20504 | Abyss:2  | 20504 ||| DRINKING 5 potions of heal wounds.
 20510 | Abyss:2  | Killed a tentacled starspawn
 20513 | D:14     | Escaped the Abyss
 20518 | D:14     | Identified the +0 robe "Fauche" {rPois Will+ Int+3}
                  | (Okawaru gifted it to you on level 14 of the Dungeon)
 20518 | D:14     | Received a gift from Okawaru
 20671 | D:14     | 20671 ||| DRINKING 9 potions of mutation.
 20671 | D:14     | Lost mutation: You occasionally lose the ability to read
                  | scrolls when taking damage. [potion of mutation]
 20671 | D:14     | Lost mutation: Your magical capacity is low. (-10% MP)
                  | [potion of mutation]
 20671 | D:14     | Gained mutation: You are agile. (Dex +4, Str/Int -1)
                  | [potion of mutation]
 20671 | D:14     | Lost mutation: You are agile. (Dex +4, Str/Int -1) [potion
                  | of mutation]
 20702 | D:14     | 20702 ||| Stepping ~*~*~tactically~*~*~ (stealth).
 20723 | D:14     | Found a gate to the Vaults.
 20743 | D:14     | 20743 ||| Stepping ~*~*~tactically~*~*~ (stealth).
 20762 | D:14     | Paralysed by a great orb of eyes for 4 turns
 20783 | D:14     | 20783 ||| Stepping ~*~*~tactically~*~*~ (stealth).
 20792 | D:14     | 20792 ||| INVOKING Heroism.
 20793 | D:14     | 20793 ||| SWAPPING to +2 hand axe of flaming.
 20799 | D:14     | 20799 ||| SWAPPING to +5 war axe of venom.
 20996 | D:14     | 20996 ||| Stepping ~*~*~tactically~*~*~ (hiding).
 20997 | D:14     | 20997 ||| Stepping ~*~*~tactically~*~*~ (hiding).
 20998 | D:14     | 20998 ||| Stepping ~*~*~tactically~*~*~ (hiding).
 21000 | D:14     | 21000 ||| Stepping ~*~*~tactically~*~*~ (hiding).
 21032 | D:14     | 21032 ||| READING scroll of enchant armour.
 21032 | D:14     | 21032 ||| ENCHANTING +1 pair of gloves.
 21071 | D:14     | Reached XP level 16. HP: 93/104 MP: 23/23
 21239 | D:14     | 21239 ||| Stepping ~*~*~tactically~*~*~ (hiding).
 21240 | D:14     | 21240 ||| Stepping ~*~*~tactically~*~*~ (hiding).
 21244 | D:14     | 21244 ||| Stepping ~*~*~tactically~*~*~ (hiding).
 21325 | D:14     | 21325 ||| UPGRADING to +2 kite shield of reflection.
 21335 | D:14     | 21335 ||| READING 2 scrolls labelled BYMA DUPIOF.
 21336 | D:14     | 21336 ||| DROPPING scroll of magic mapping.
 21356 | D:15     | Entered Level 15 of the Dungeon
 21372 | D:15     | 21372 ||| INVOKING Heroism.
 21373 | D:15     | 21373 ||| INVOKING Finesse.
 21686 | D:15     | 21686 ||| Stepping ~*~*~tactically~*~*~ (stealth).
 21830 | D:15     | 21830 ||| Stepping ~*~*~tactically~*~*~ (hiding).
 21834 | D:15     | 21834 ||| INVOKING Heroism.
 21840 | D:15     | Killed from afar by an ice dragon

Levels and vault maps discovered:
D:1:      minmay_arrival_jagged, layout_rooms, ebering_ecumenical_altar_box,
          kennysheep_minor_cross
D:2:      layout_basic
D:3:      layout_basic, uniq_jessica
D:4:      layout_loops_ring, zin_purify, minivault_19, uniq_eustachio
D:5:      layout_rooms, minmay_temple_entry_tees
D:6:      layout_cave_pools, mainiacjoe_overflow_alcove_4, enter_ossuary_5
D:7:      layout_cave_pools, minitemple, uniq_prince_ribbit1,
          uniq_crazy_yiuf_cottage
D:8:      layout_loops_ring, riverfiend_overflow_shadow_ancestor
D:9:      layout_stronghold, mainiacjoe_overflow_concentric_impassable,
          mainiacjoe_overflow_alcove_1, serial_shops, nicolae_diamond_shop,
          bh_circular_ruins
D:10:     layout_stronghold, nemelex_xobeh_ov_fountains_minmay,
          erik_lair_orcish_takeover, serial_shops,
          nicolae_shop_industrial_runoff
D:11:     layout_loops_corners, hiddenorc1_lemuel, special_room
          [special_room_kobold], minmay_misc_feat_square, item_on_display_b
D:12:     cheibrodos_shockbox, layout_basic, serial_curves, eino_curves_04,
          eino_curves_03, eino_curves_03, uniq_lodul, uniq_azrael
D:13:     layout_grid_maze
D:14:     layout_gridville, lightli_vaults_fourway_checkpoint,
          serial_park_square1 [serial_park_minivault_5x5_2]
D:15:     grunt_enter_depths_hoard, layout_basic, minmay_hedge_maze,
          nicolae_concentric_dashed_squares_mild
Temple:   hellmonk_temple_forest_ring
Lair:1:   layout_cave_pods, pdpol_lair_neglected_garden
Lair:2:   layout_gridlike, minmay_snake_entry_six_corridors,
          gauntlet_entry_generic, infiniplex_staircase_pool
Lair:3:   layout_gridlike, minmay_shoals_entry_lonely_mermaid,
          portal_ice_cave_entry_pillars_1
Lair:4:   nzn_winding_woodlands_medium [nzn_winding_woodlands_5x5_three,
          nzn_winding_woodlands_5x15_pathside_ponds,
          nzn_winding_woodlands_5x5_cross, nzn_winding_woodlands_5x5_perimeter,
          nzn_winding_woodlands_center_pierced_h,
          nzn_winding_woodlands_5x5_checkerboard,
          nzn_winding_woodlands_hourglass, nzn_winding_woodlands_5x15_jagged,
          nzn_winding_woodlands_5x5_default], layout_misc_corridors,
          slime_entry_1
Lair:5:   grunt_lair_end_beastmaster, layout_loops_ring, wad_woods_river_03,
          worms_lemuel, infiniplex_staircase_pool_2, grunt_megastairs_4,
          lemuel_fruit_tree, serial_bayou_shore_b

Skill      XL: |  1  2  3  4  5  6  7  8  9 10 11 12 13 14 15 |
---------------+----------------------------------------------+-----
Axes           | 2 3 5 6 7 8 10 11 12 13 14 16 | 16.0
Dodging        | 1 2 3 4 |  4.0
Fighting       | 4 5 6 8 9 10 11 13 | 13.2
Armour         | 5 6 7 8 9 10 | 10.7
Shields        | 4 9 10 11 12 13 | 13.5
Invocations    | 3 4 7 10 | 10.0
Throwing       | 3 4 5 6 |  6.7

Action                     |  1- 3 |  4- 6 |  7- 9 | 10-12 | 13-15 | 16-18 || total
---------------------------+-------+-------+-------+-------+-------+-------++-------
  Melee: War axe           |    92 |   196 |   381 |   421 |   908 |    79 ||  2077
         Hand axe          |       |       |       |     5 |    30 |       ||    35
  Throw: Javelin           |       |       |       |    38 |   136 |    20 ||   194
         Boomerang         |       |       |       |       |     5 |     7 ||    12
 Invoke: Heroism           |       |       |       |    20 |    29 |     2 ||    51
         Finesse           |       |       |       |       |     3 |     1 ||     4
    Use: Scroll            |     1 |     3 |    14 |     9 |     9 |     1 ||    37
         Potion            |       |     3 |     1 |       |     6 |       ||    10
 Armour: Scale mail        |    50 |    24 |       |       |   200 |    15 ||   289
         Chain mail        |       |    95 |    25 |       |       |       ||   120
         Plate armour      |       |       |   131 |   192 |   178 |       ||   501
  Dodge: Dodged            |    48 |   125 |   205 |   221 |   397 |    18 ||  1014
  Block: Buckler           |    19 |    50 |    56 |     5 |       |       ||   130
         Kite shield       |       |       |       |   253 |   463 |    26 ||   742
         Reflection        |       |       |       |       |       |     1 ||     1

Table legend:
 A = Non-vault XP
 B = Vault XP
 C = Vault XP percentage of total XP
 D = Non-vault monster count
 E = Vault monster count
 F = Vault count percentage of total count
                 A         B        C        D         E       F
            +---------+---------+-------+---------+---------+-------
      Total |   92573 |   43220 |  31.8 |     428 |     162 |  27.5
            +---------+---------+-------+---------+---------+-------
        D:1 |      38 |       0 |   0.0 |      20 |       0 |   0.0
        D:2 |     141 |       0 |   0.0 |      24 |       0 |   0.0
        D:3 |     149 |      37 |  19.9 |      28 |       1 |   3.4
        D:4 |     599 |     197 |  24.7 |      19 |       1 |   5.0
        D:5 |     282 |       0 |   0.0 |      13 |       0 |   0.0
        D:6 |     824 |       0 |   0.0 |      21 |       0 |   0.0
        D:7 |     248 |     268 |  51.9 |      14 |       1 |   6.7
        D:8 |    2258 |       0 |   0.0 |      27 |       0 |   0.0
        D:9 |    2539 |      21 |   0.8 |      31 |       1 |   3.1
       D:10 |    2225 |     679 |  23.4 |       8 |       9 |  52.9
       D:11 |    3945 |    2806 |  41.6 |      21 |      43 |  67.2
       D:12 |    3437 |    3486 |  50.4 |      11 |      14 |  56.0
       D:13 |    4699 |       0 |   0.0 |      10 |       0 |   0.0
       D:14 |   16416 |    7310 |  30.8 |      33 |      10 |  23.3
       D:15 |    5644 |       0 |   0.0 |      14 |       0 |   0.0
     Lair:1 |    6601 |       0 |   0.0 |      18 |       0 |   0.0
     Lair:2 |    2584 |     465 |  15.3 |       7 |       3 |  30.0
     Lair:3 |    8169 |     435 |   5.1 |      23 |       1 |   4.2
     Lair:4 |    5071 |    8051 |  61.4 |      17 |      18 |  51.4
     Lair:5 |   12840 |   12649 |  49.6 |      36 |      27 |  42.9
    Abyss:2 |   13864 |       0 |   0.0 |      33 |       0 |   0.0
    Ossuary |       0 |     833 | 100.0 |       0 |      15 | 100.0
   Gauntlet |       0 |    5983 | 100.0 |       0 |      18 | 100.0
            +---------+---------+-------+---------+---------+-------
